 Dungeon Crawl Stone Soup version 0.21.1-1-g345015f (webtiles) character file.

202 equalderp2856 the Covered (level 5, -1/46 HPs)
             Began as a Minotaur Fighter on Apr 29, 2018.
             Killed by divine providence
             ... invoked by an orc priest
              (12 damage)
             ... on level 3 of the Dungeon.
             The game lasted 00:02:39 (1994 turns).

equalderp2856 the Covered (Minotaur Fighter)        Turns: 1994, Time: 00:02:40

Health: -1/46      AC:  9    Str: 21    XL:     5   Next: 50%
Magic:  4/4        EV:  8    Int:  5    God:
Gold:   210        SH: 10    Dex: 10    Spells: 4/4 levels left

rFire    . . .     SeeInvis .   a - +0 war axe
rCold    . . .     Gourm    .   c - +0 shield
rNeg     . . .     Faith    .   b - +0 scale mail
rPois    .         Spirit   .   (helmet restricted)
rElec    .         Reflect  .   r - +0 cloak
rCorr    .         Harm     .   i - +0 pair of gloves
MR       .....                  (no boots)
Stlth    ..........             (no amulet)
HPRegen  0.15/turn              (no ring)
MPRegen  0.09/turn              (no ring)

@: very slightly contaminated
A: retaliatory headbutt, horns 2
a: no special abilities


You were on level 3 of the Dungeon.
You were hungry.

You visited 1 branch of the dungeon, and saw 3 of its levels.

You collected 210 gold pieces.

Inventory:

Hand Weapons
 a - a +0 war axe (weapon)
Armour
 b - a +0 scale mail (worn)
 c - a +0 shield (worn)
 i - a +0 pair of gloves (worn)
 r - a +0 cloak (worn)
Scrolls
 e - a scroll of fog {unknown}
 g - 2 scrolls of identify
 l - a scroll of random uselessness {unknown}
 m - a scroll of noise {unknown}
 n - 2 scrolls of teleportation {unknown}
 p - a scroll of remove curse {unknown}
 q - a scroll of amnesia {unknown}
Potions
 d - a potion of might
 h - a potion of invisibility
 j - a potion of heal wounds {unknown}
 k - a potion of degeneration {unknown}
 o - a potion of berserk rage {unknown}
 s - a potion of curing {unknown}
Comestibles
 f - 10 rations


   Skills:
 + Level 4.3 Fighting
 + Level 3.7 Axes
 + Level 5.1 Armour
 + Level 1.3 Dodging
 + Level 0.2 Stealth
 + Level 5.0 Shields


You had 4 spell levels left.
You didn't know any spells.

Dungeon Overview and Level Annotations

Branches:
Dungeon (3/15)

Altars:


Innate Abilities, Weirdness & Mutations

You reflexively headbutt those who attack you in melee.
You have a pair of horns on your head.


Message History

The orc is almost dead.
The orc hits you but does no damage.
As you read the scroll labeled EKLYOSITWILLO, it crumbles to dust.
It is a scroll of identify.
h - 2 potions of invisibility You block the orc's attack.
You fade into invisibility!
You block the orc's attack.
You are very lightly contaminated with residual magic.
You see here the felid corpse of Natasha.
You flicker for a moment.
You block the bat's attack. The bat closely misses you.
You furiously retaliate!
You headbutt the bat!
You kill the bat!
You flicker back into view.
The orc priest calls upon Beogh to heal the orc.
The orc's wounds heal themselves!
The orc priest invokes the aid of Beogh against you.
Beogh smites you!
You die...

...................
####..#.##.....####
##..#..##.....# ..#
#..##.####.##.#
...#. #.##..# #.#
..# .....## #.#..##
#.# .. ..!....
#...####...#
........
##.####...#
........###..#o.@<#
.....#....#....####
# #.####o...###
####..#......####.#
.†................#
..#..........######
.........[..##
.....÷.....##
........####


You could see an orc priest and an orc.

Vanquished Creatures
  A crimson imp (D:3)
  Crazy Yiuf (D:2)
  Natasha (D:3)
  3 gnolls (D:2)
  4 adders
  A worm (D:2)
  A dart slug (D:1)
  2 leopard geckos (D:1)
  An orc (D:3)
  A ball python (D:2)
  8 bats
  A giant cockroach (D:1)
  6 hobgoblins
  2 jackals (D:1)
  2 kobolds
  6 goblins
  2 rats (D:2)
  3 fungi (D:2)
46 creatures vanquished.

Notes
Turn   | Place    | Note
-------+----------+-------------------------------------------
     0 | D:1      | equalderp2856 the Minotaur Fighter began the quest for the Orb.
     0 | D:1      | Reached XP level 1. HP: 19/19 MP: 0/0
   140 | D:1      | Reached XP level 2. HP: 27/27 MP: 1/1
   697 | D:2      | Reached XP level 3. HP: 33/33 MP: 2/2
   998 | D:2      | Reached XP level 4. HP: 40/40 MP: 3/3
  1547 | D:2      | Found a runed door.
  1731 | D:2      | Noticed Crazy Yiuf
  1735 | D:2      | Killed Crazy Yiuf
  1735 | D:2      | Reached skill level 5 in Armour
  1902 | D:3      | Reached skill level 1 in Dodging
  1902 | D:3      | Reached XP level 5. HP: 46/46 MP: 4/4
  1944 | D:3      | Noticed Natasha
  1963 | D:3      | Killed Natasha
  1963 | D:3      | Reached skill level 5 in Shields
  1994 | D:3      | Killed from afar by an orc priest

Skill      XL: |  1  2  3  4  5 |
---------------+----------------+-----
Fighting       | 4 |  4.3
Armour         | 4 5 |  5.1
Shields        | 4 5 |  5.0
Axes           | 3 |  3.7
Dodging        | 1 |  1.3
Stealth        | |  0.2

Action                   |  1- 3 |  4- 6 || total
-------------------------+-------+-------++-------
Melee: War axe           |    54 |    72 ||   126
       Headbutt          |     9 |    16 ||    25
  Use: Scroll            |       |     1 ||     1
       Potion            |       |     1 ||     1
  Eat: Chunk             |       |     3 ||     3
Armor: Scale mail        |    32 |    27 ||    59
Dodge: Dodged            |    22 |    21 ||    43
Block: Shield            |    33 |    44 ||    77
